cohdb
Replays
Latest Replays
All Replays
Popular Replays
Top Player Replays
Match Explorer
How It Works
Community
CoH3 Stats
Reddit
Sign in to upload your games and track your stats! →
Sign in with Steam
Match 41256168
Unlisted
Match 41256168
Overview
Messages
Build Orders
End
Panzergrenadier Squad
Panzergrenadier Squad
Selects Panzerjäger Kommand Battlegroup
Selects Panzerjäger Kommand Battlegroup
Selects Mine Fields
250 Light Carrier
Construct Light Support Kompanie
Panzerjäger Squad
Selects Tank Busters
2.5-tonne Medical Truck
Combat Half-tracks
MG34 Team
Panzerjäger Squad
Construct Mechanized Kompanie
Panzerpioneer Squad
Construct Panzerarmee Kommand
Walking Stuka Rocket Launcher
Flak 36 Anti-tank Gun Team
Selects Crew Shock Tactics
圣战士阿凡提
blackbirddayo
Chompy
sergio
ManFrau
Flash
0
0
Comments
sign in to comment!
No comments posted yet!